2817 views
Uploaded 2019-12-13 22:02:59
Game version 1.32.0.4
12:23 long 3on3 ladder game on (6)StranglethornVale
Saved by BEARAND
2817 views
Uploaded 2019-12-13 22:02:59
Game version 1.32.0.4
12:23 long 3on3 ladder game on (6)StranglethornVale


52 units @ 4.3k
/ 0.1k
102 buildings @ 6.6k
/ 2.9k


| Scroll of Regeneration | 1 | 100 |
| total: | 1 | 100g |
| Peasant | 18 | 1350 | / | 0 |
| Priest | 2 | 270 | / | 20 |
| total: | 20 | 1620g | / | 20w |
| Scout Tower | 34 | 1020 | / | 680 |
| Arcane Tower | 3 | 210 | / | 150 |
| Guard Tower | 9 | 630 | / | 450 |
| Altar of Kings | 2 | 360 | / | 100 |
| Farm | 6 | 480 | / | 120 |
| Lumber Mill | 2 | 240 | / | 0 |
| Arcane Vault | 2 | 260 | / | 60 |
| Arcane Sanctum | 1 | 150 | / | 140 |
| Keep | 1 | 320 | / | 210 |
| Castle | 1 | 360 | / | 210 |
| total: | 47 | 2510g | / | 1100w |
| 0:05 | Altar of Kings |
| 0:06 | Peasant |
| 0:06 | Peasant |
| 0:09 | Altar of Kings |
| 0:11 | Peasant |
| 0:27 | Farm |
| 0:39 | Peasant |
| 0:44 | Lumber Mill |
| 0:57 | Peasant |
| 1:07 | Peasant |
| 1:12 | Farm |
| 1:16 | Scout Tower |
| 1:17 | Peasant |
| 1:21 | Peasant |
| 1:27 | Peasant |
| 1:39 | Scout Tower |
| 1:43 | Arcane Tower |
| 1:47 | Peasant |
| 1:55 | Peasant |
| 2:07 | Summon Water Elemental |
| 2:10 | Guard Tower |
| 2:12 | Scout Tower |
| 2:17 | Peasant |
| 2:20 | Peasant |
| 2:20 | Peasant |
| 2:29 | Peasant |
| 3:22 | Guard Tower |
| 3:23 | Scout Tower |
| 3:23 | Scout Tower |
| 3:34 | Scout Tower |
| 3:35 | Scout Tower |
| 3:37 | Improved Masonry |
| 3:38 | Keep |
| 3:43 | Scout Tower |
| 3:44 | Scout Tower |
| 4:07 | Arcane Tower |
| 4:07 | Guard Tower |
| 4:16 | Guard Tower |
| 4:33 | Scout Tower |
| 4:37 | Scout Tower |
| 5:29 | Scout Tower |
| 5:30 | Scout Tower |
| 5:31 | Scout Tower |
| 5:33 | Scout Tower |
| 5:34 | Scout Tower |
| 5:37 | Scout Tower |
| 5:40 | Scout Tower |
| 5:48 | Brilliance Aura |
| 5:49 | Guard Tower |
| 5:53 | Guard Tower |
| 6:05 | Farm |
| 6:06 | Arcane Vault |
| 6:08 | Peasant |
| 6:09 | Peasant |
| 6:11 | Improved Lumber Harvesting |
| 6:51 | Peasant |
| 6:52 | Farm |
| 6:56 | Farm |
| 7:12 | Advanced Masonry |
| 7:17 | Scout Tower |
| 7:17 | Scout Tower |
| 7:18 | Scout Tower |
| 7:23 | Scout Tower |
| 7:24 | Scout Tower |
| 7:38 | Arcane Vault |
| 7:42 | Storm Bolt |
| 7:46 | Guard Tower |
| 8:03 | Guard Tower |
| 8:06 | Lumber Mill |
| 8:48 | Scroll of Regeneration |
| 8:58 | Scout Tower |
| 8:59 | Scout Tower |
| 9:00 | Scout Tower |
| 9:00 | Scout Tower |
| 9:24 | Arcane Sanctum |
| 9:30 | Castle |
| 9:52 | Magic Sentry |
| 9:53 | Priest |
| 9:55 | Priest Adept Training |
| 10:33 | Scout Tower |
| 10:34 | Scout Tower |
| 10:50 | Guard Tower |
| 10:53 | Scout Tower |
| 10:53 | Scout Tower |
| 10:54 | Scout Tower |
| 10:55 | Scout Tower |
| 10:55 | Scout Tower |
| 11:21 | Arcane Tower |
| 11:51 | Priest Master Training |
| 11:52 | Priest |
| 11:58 | Farm |
| Right click | 792 |
| Select group | 548 |
| Select | 171 |
| Build/train/purchase | 82 |
| Misc. action | 23 |
| Assign group | 8 |
| Use ability | 7 |
| Esc | 2 |
| Minimap ping | 1 |

| Potion of Healing | 1 | 150 |
| Boots of Speed | 1 | 250 |
| Staff of Teleportation | 1 | 150 |
| total: | 3 | 550g |
| Peasant | 14 | 1050 | / | 0 |
| total: | 14 | 1050g | / | 0w |
| Scout Tower | 32 | 960 | / | 640 |
| Arcane Tower | 1 | 70 | / | 50 |
| Guard Tower | 12 | 840 | / | 600 |
| Altar of Kings | 1 | 180 | / | 50 |
| Farm | 2 | 160 | / | 40 |
| Lumber Mill | 1 | 120 | / | 0 |
| Keep | 1 | 320 | / | 210 |
| total: | 36 | 1420g | / | 730w |
| 0:03 | Peasant |
| 0:03 | Peasant |
| 0:07 | Altar of Kings |
| 0:20 | Farm |
| 0:22 | Peasant |
| 0:40 | Peasant |
| 0:49 | Farm |
| 0:59 | Scout Tower |
| 1:07 | Lumber Mill |
| 1:22 | Scout Tower |
| 1:22 | Peasant |
| 1:31 | Peasant |
| 1:46 | Peasant |
| 1:49 | Peasant |
| 1:50 | Arcane Tower |
| 2:06 | Peasant |
| 2:08 | Summon Water Elemental |
| 2:14 | Guard Tower |
| 2:20 | Scout Tower |
| 2:21 | Peasant |
| 3:07 | Peasant |
| 3:07 | Peasant |
| 3:07 | Peasant |
| 3:08 | Peasant |
| 3:21 | Guard Tower |
| 3:24 | Scout Tower |
| 3:24 | Scout Tower |
| 3:26 | Scout Tower |
| 3:27 | Scout Tower |
| 3:28 | Scout Tower |
| 3:28 | Scout Tower |
| 3:51 | Boots of Speed |
| 3:51 | Staff of Teleportation |
| 3:57 | Guard Tower |
| 4:09 | Guard Tower |
| 4:25 | Guard Tower |
| 4:27 | Scout Tower |
| 4:28 | Guard Tower |
| 4:29 | Scout Tower |
| 4:29 | Scout Tower |
| 5:25 | Brilliance Aura |
| 5:55 | Guard Tower |
| 5:57 | Scout Tower |
| 5:58 | Scout Tower |
| 5:59 | Scout Tower |
| 6:00 | Scout Tower |
| 6:00 | Scout Tower |
| 6:27 | Guard Tower |
| 6:54 | Keep |
| 6:55 | Improved Masonry |
| 7:25 | Scout Tower |
| 7:27 | Scout Tower |
| 7:27 | Scout Tower |
| 7:29 | Scout Tower |
| 7:29 | Scout Tower |
| 7:30 | Scout Tower |
| 7:32 | Scout Tower |
| 7:32 | Scout Tower |
| 7:33 | Scout Tower |
| 7:33 | Scout Tower |
| 7:57 | Guard Tower |
| 7:59 | Guard Tower |
| 8:06 | Guard Tower |
| 9:03 | Guard Tower |
| 9:59 | Potion of Healing |
| 10:56 | Scout Tower |
| 10:57 | Scout Tower |
| 10:58 | Scout Tower |
| 10:58 | Scout Tower |
| 10:59 | Scout Tower |
| Right click | 1034 |
| Select | 176 |
| Chat | 152 |
| Build/train/purchase | 58 |
| Select group | 18 |
| Assign group | 11 |
| Remove unit | 7 |
| Resource trade | 7 |
| Use ability | 5 |
| Misc. action | 1 |
| Minimap ping | 1 |


| Boots of Speed | 1 | 250 |
| Staff of Teleportation | 1 | 150 |
| total: | 2 | 400g |
| Peon | 16 | 1200 | / | 0 |
| Demolisher | 2 | 440 | / | 100 |
| total: | 18 | 1640g | / | 100w |
| Watch Tower | 9 | 990 | / | 720 |
| Altar of Storms | 1 | 180 | / | 50 |
| Orc Burrow | 4 | 640 | / | 160 |
| War Mill | 1 | 205 | / | 0 |
| Voodoo Lounge | 2 | 260 | / | 60 |
| Barracks | 2 | 360 | / | 100 |
| Stronghold | 1 | 315 | / | 190 |
| Fortress | 1 | 325 | / | 190 |
| total: | 19 | 2635g | / | 1090w |
| 0:02 | Peon |
| 0:02 | Peon |
| 0:05 | Altar of Storms |
| 0:19 | Orc Burrow |
| 0:21 | Peon |
| 0:34 | Peon |
| 0:50 | War Mill |
| 0:52 | Peon |
| 1:03 | Peon |
| 1:16 | Peon |
| 1:19 | Voodoo Lounge |
| 1:36 | Orc Burrow |
| 1:45 | Peon |
| 2:08 | Watch Tower |
| 2:12 | Wind Walk |
| 2:18 | Peon |
| 2:20 | Peon |
| 2:31 | Watch Tower |
| 3:27 | Watch Tower |
| 3:28 | Peon |
| 3:28 | Peon |
| 4:00 | Peon |
| 4:00 | Peon |
| 4:05 | Watch Tower |
| 4:42 | Stronghold |
| 4:52 | Critical Strike |
| 5:02 | Watch Tower |
| 6:02 | Orc Burrow |
| 6:23 | Watch Tower |
| 6:26 | Watch Tower |
| 6:43 | Boots of Speed |
| 6:44 | Staff of Teleportation |
| 7:22 | Barracks |
| 7:25 | Barracks |
| 7:27 | Peon |
| 7:27 | Peon |
| 7:30 | Orc Burrow |
| 7:41 | Steel Ranged Weapons |
| 7:49 | Voodoo Lounge |
| 8:08 | Hex |
| 8:33 | Watch Tower |
| 8:39 | Demolisher |
| 8:43 | Fortress |
| 9:15 | Thorium Ranged Weapons |
| 9:41 | Watch Tower |
| 10:20 | Demolisher |
| 11:06 | Burning Oil |
| 11:39 | Wind Walk |
| Right click | 784 |
| Select | 170 |
| Select group | 105 |
| Chat | 51 |
| Build/train/purchase | 45 |
| Misc. action | 25 |
| Use ability | 13 |
| Assign group | 7 |
| Resource trade | 5 |
55 units @ 6.3k
/ 0.1k
26 buildings @ 3.7k
/ 1.3k
| Acolyte | 3 | 225 | / | 0 |
| total: | 3 | 225g | / | 0w |
| Crypt | 1 | 200 | / | 50 |
| Ziggurat | 1 | 150 | / | 50 |
| Altar of Darkness | 1 | 180 | / | 50 |
| total: | 3 | 530g | / | 150w |
| 0:04 | Acolyte |
| 0:04 | Acolyte |
| 0:04 | Acolyte |
| 0:34 | Crypt |
| 0:35 | Ziggurat |
| 0:54 | Altar of Darkness |
| Select | 17 |
| Right click | 14 |
| Build/train/purchase | 4 |
| Esc | 1 |

| Rod of Necromancy | 1 | 150 |
| total: | 1 | 150g |
| Peasant | 11 | 825 | / | 0 |
| Footman | 7 | 945 | / | 0 |
| Ghoul | 16 | 1920 | / | 0 |
| total: | 34 | 3690g | / | 0w |
| Altar of Kings | 1 | 180 | / | 50 |
| Farm | 3 | 240 | / | 60 |
| Barracks | 2 | 320 | / | 120 |
| Ziggurat | 1 | 150 | / | 50 |
| Tomb of Relics | 1 | 130 | / | 30 |
| total: | 8 | 1020g | / | 310w |
| 0:07 | Peasant |
| 0:07 | Peasant |
| 0:09 | Altar of Kings |
| 0:14 | Farm |
| 0:22 | Peasant |
| 0:23 | Peasant |
| 0:23 | Peasant |
| 0:35 | Barracks |
| 0:42 | Peasant |
| 0:43 | Peasant |
| 0:52 | Farm |
| 1:38 | Farm |
| 1:44 | Ghoul |
| 1:44 | Ghoul |
| 1:44 | Ghoul |
| 1:44 | Ghoul |
| 1:44 | Ghoul |
| 1:50 | Ziggurat |
| 1:58 | Tomb of Relics |
| 2:06 | Ghoul |
| 2:06 | Ghoul |
| 2:06 | Ghoul |
| 2:07 | Ghoul |
| 2:09 | Footman |
| 2:10 | Footman |
| 2:10 | Footman |
| 2:10 | Footman |
| 2:19 | Barracks |
| 2:22 | Summon Water Elemental |
| 2:27 | Peasant |
| 2:27 | Peasant |
| 3:03 | Vampiric Aura |
| 3:05 | Footman |
| 3:19 | Rod of Necromancy |
| 3:23 | Ghoul |
| 3:23 | Ghoul |
| 3:23 | Ghoul |
| 3:24 | Ghoul |
| 3:24 | Ghoul |
| 3:24 | Ghoul |
| 3:24 | Ghoul |
| 4:37 | Footman |
| 4:37 | Footman |
| 4:51 | Peasant |
| 4:51 | Peasant |
| Right click | 171 |
| Select | 111 |
| Chat | 88 |
| Build/train/purchase | 49 |
| Remove unit | 6 |
| Use ability | 2 |
| Esc | 1 |

| Healing Salve | 1 | 100 |
| Lesser Clarity Potion | 1 | 70 |
| total: | 2 | 170g |
| Peon | 6 | 450 | / | 0 |
| Troll Headhunter | 7 | 980 | / | 140 |
| Grunt | 5 | 1000 | / | 0 |
| total: | 18 | 2430g | / | 140w |
| Watch Tower | 7 | 770 | / | 560 |
| Altar of Storms | 1 | 180 | / | 50 |
| Orc Burrow | 4 | 640 | / | 160 |
| War Mill | 1 | 205 | / | 0 |
| Barracks | 1 | 180 | / | 50 |
| Voodoo Lounge | 1 | 130 | / | 30 |
| total: | 15 | 2105g | / | 850w |
| 0:07 | Altar of Storms |
| 0:10 | Orc Burrow |
| 0:12 | Orc Burrow |
| 0:18 | Peon |
| 0:28 | Peon |
| 0:47 | Peon |
| 0:51 | Peon |
| 0:59 | Peon |
| 1:12 | Peon |
| 1:32 | War Mill |
| 1:59 | Barracks |
| 2:13 | Wind Walk |
| 3:23 | Troll Headhunter |
| 3:23 | Troll Headhunter |
| 3:23 | Troll Headhunter |
| 3:24 | Troll Headhunter |
| 3:27 | Orc Burrow |
| 3:51 | Steel Melee Weapons |
| 3:51 | Steel Armor |
| 4:42 | Orc Burrow |
| 4:48 | Voodoo Lounge |
| 4:52 | Grunt |
| 4:52 | Grunt |
| 4:52 | Grunt |
| 4:52 | Grunt |
| 5:58 | Healing Salve |
| 5:58 | Lesser Clarity Potion |
| 6:12 | Watch Tower |
| 6:32 | Grunt |
| 6:41 | Steel Ranged Weapons |
| 7:40 | Watch Tower |
| 7:49 | Watch Tower |
| 7:51 | Watch Tower |
| 7:53 | Watch Tower |
| 8:50 | Watch Tower |
| 9:24 | Troll Headhunter |
| 9:24 | Troll Headhunter |
| 9:24 | Troll Headhunter |
| 10:27 | Watch Tower |
| 11:19 | Critical Strike |
| Right click | 357 |
| Select | 112 |
| Build/train/purchase | 43 |
| Assign group | 27 |
| Chat | 13 |
| Select group | 12 |
| Use ability | 3 |
โ